 Dungeon Crawl Stone Soup version 0.30-a0-241-g1121274140 (webtiles) character file.

Game seed: 5613662913452385731

51 chippings the Sneak (level 3, -2/28 HPs)
             Began as a Naga Enchanter on Oct 10, 2022.
             Slain by an iguana (8 damage)
             ... on level 2 of the Dungeon.
             The game lasted 00:05:00 (1404 turns).

chippings the Sneak (Naga Enchanter)                Turns: 1404, Time: 00:05:01

Health: -2/28      AC:  5    Str: 10    XL:     3   Next: 81%
Magic:  2/6        EV:  9    Int: 17    God:
Gold:   746        SH:  0    Dex: 11    Spells: 2/6 levels left

rFire   . . .      SeeInvis +    a - +2 dagger
rCold   . . .      Faith    +    (no shield)
rNeg    . . .      Spirit   .    b - +0 robe
rPois   +          Reflect  .    (no helmet)
rElec   .          Harm     .    (no cloak)
rCorr   .          Rampage  .    d - +2 pair of gloves
Will    .....                    (no barding)
Stlth   +++.......               i - amulet of faith
HPRegen 0.24/turn                (no ring)
MPRegen 0.10/turn                (no ring)

@: very slow
A: AC +1, large, see invisible, deformed body, poison resistance, slowness 2,
spit poison 1, naga tail 1
a: Spit Poison


You were on level 2 of the Dungeon.
You visited 1 branch of the dungeon, and saw 2 of its levels.

You collected 746 gold pieces.

Inventory:

Hand Weapons
 a - a +2 dagger (weapon)
Armour
 b - a +0 robe (worn)
 d - a +2 pair of gloves (worn)
Magical Staves
 e - a staff of death
Jewellery
 i - an amulet of faith (around neck)
Scrolls
 o - a scroll of silence
Potions
 c - 2 potions of invisibility
 h - a potion of brilliance {unknown}
 k - a potion of curing {unknown}
 n - a potion of heal wounds {unknown}


   Skills:
 + Level 1.7 Short Blades
 + Level 1.6 Dodging
 + Level 5.1 Stealth
 + Level 2.4 Spellcasting
 + Level 3.3 Hexes
 + Level 0.7 Translocations


You had 2 spell levels left.
You knew the following spells:

 Your Spells              Type           Power      Damage    Failure   Level
a - Ensorcelled Hibernat  Hex/Ice        14%        N/A       14%         2
b - Blink                 Tloc           8%         N/A       21%         2

Your spell library contained the following spells:

 Spells                   Type           Power      Damage    Failure   Level
 Momentum Strike          Conj/Tloc      6%         3d8       24%         2
 Confusing Touch          Hex            13%        N/A       14%         3
 Tukima's Dance           Hex            13%        N/A       14%         3
 Dazzling Flash           Conj/Hex       14%        N/A       28%         3
 Lesser Beckoning         Tloc           8%         N/A       38%         3


Dungeon Overview and Level Annotations

Branches:
Dungeon (2/15)

Altars:


Innate Abilities, Weirdness & Mutations

Your serpentine skin is tough. (AC +1)
You have supernaturally acute eyesight. (SInv)
Armour fits poorly on your strangely shaped body.
Your system is resistant to poisons. (rPois)
You cover ground very slowly.
You can spit poison.
You have a snake-like lower body.


Message History

The iguana hisses menacingly.
The iguana bites you!
* * * LOW HITPOINT WARNING * * *
Your kobold closely misses the iguana.
Cast which spell? (? or * to list)
Aiming: Ensorcelled Hibernation (safe; 14% risk of failure)
Press: ? - help, Shift-Dir - straight line, f/p - iguana
Aim: an iguana (severely wounded, ally target, chance to affect: 50%)
The iguana resists with some effort.
The iguana misses you.
Your kobold barely misses the iguana.
Casting: Ensorcelled Hibernation (safe; 14% risk of failure)
Confirm with . or Enter, or press ? or * to list all spells.
Aiming: Ensorcelled Hibernation (safe; 14% risk of failure)
Press: ? - help, Shift-Dir - straight line, f/p - iguana
Aim: an iguana (severely wounded, ally target, chance to affect: 50%)
The iguana looks drowsy...
Your kobold hits the iguana but does no damage.
You closely miss the iguana.
The iguana is severely wounded.
Your kobold dissolves into shadows!
The iguana bites you but does no damage.
You hit the iguana but do no damage.
The iguana is severely wounded.
The iguana closely misses you.
Casting: Ensorcelled Hibernation (safe; 14% risk of failure)
Confirm with . or Enter, or press ? or * to list all spells.
Aiming: Ensorcelled Hibernation (safe; 14% risk of failure)
Press: ? - help, Shift-Dir - straight line, f - you, p - iguana That would be overly suicidal.
Okay, then.
Casting: Ensorcelled Hibernation (safe; 14% risk of failure)
Confirm with . or Enter, or press ? or * to list all spells.
Aiming: Ensorcelled Hibernation (safe; 14% risk of failure)
Press: ? - help, Shift-Dir - straight line, f - iguana
Aim: an iguana (severely wounded, not susceptible)
Okay, then.
You closely miss the iguana.
The iguana is severely wounded.
The iguana bites you!
You die...

**,,,,,,..###***#.....#..****
*,,,,***#.....,,........#**,,
***,,*** #....#**.......###.>. *
*,,,,* *#...# ##..........#.
***,*,,* #...# #...........#.
,,,,,,** #..)###$.....#...#..
,*,******#####.....^....#*#..#..#
,,,,,,,,,......<........###.....#
**,**,,,,,..##.l@........##.....#
**,,,,,,,!.......#..............#
*,,******..##.#.................#
,,,* **,*#..........###.......
,*,*******,,......##............#
,,,*,,,,,,,...#......###.#.......
,,,**,,****.#......####.........#
,*,***,,,,#.#.#....#*#....###....
**,,*****,,,,,,,..#.......#......


You could see an iguana.

Vanquished Creatures
  3 dart slugs (D:1)
  2 ball pythons (D:1)
  4 endoplasms
  5 goblins
  5 hobgoblins
  4 jackals (D:1)
  3 kobolds
  2 quokkas
  4 bats (D:1)
  A frilled lizard (D:1)
  2 rats (D:1)
35 creatures vanquished.

Vanquished Creatures (collateral kills)
  An endoplasm (D:2)
  A kobold (D:2)
2 creatures vanquished.

Grand Total: 37 creatures vanquished

Notes
Turn   | Place    | Note
-------+----------+-------------------------------------------
     0 | D:1      | chippings the Naga Enchanter began the quest for the Orb.
     0 | D:1      | Reached XP level 1. HP: 15/15 MP: 3/3
   265 | D:1      | Reached XP level 2. HP: 19/22 MP: 5/5
   322 | D:1      | Learned a level 2 spell: Ensorcelled Hibernation
   326 | D:1      | Learned a level 2 spell: Blink
   420 | D:1      | Reached XP level 3. HP: 20/28 MP: 6/6
   433 | D:1      | Reached skill level 5 in Stealth
  1292 | D:2      | Identified a scroll of acquirement
  1292 | D:2      | Acquired 647 gold pieces
  1404 | D:2      | Slain by an iguana

Illustrated notes

Levels and vault maps discovered:
D:1:      dpeg_arrival_short_road, layout_basic, minmay_box_of_dots
D:2:      layout_rooms

Skill      XL: |  1  2  3 |
---------------+----------+-----
Stealth        | 5 |  5.1
Short Blades   | |  1.7
Dodging        | |  1.6
Spellcasting   | |  2.4
Hexes          | |  3.3
Translocations | |  0.7

Action                   || total
-------------------------++-------
Melee: Dagger            ||   121
       Punch             ||     1
 Cast: Ensorcelled Hiber ||     2
 Abil: Spit Poison       ||     6
  Use: Scroll            ||     7
 Stab: Sleeping          ||     6
Armor: Robe              ||    45
Dodge: Dodged            ||    53

Table legend: (Time is in decaauts)
 A = Elapsed time spent in this place.
 B = Non-inter-level travel time spent in this place.
 C = Inter-level travel time spent in this place.
 D = Time resting spent in this place.
 E = Time spent auto-exploring this place.
 F = Levels seen in this place.
 G = Mean time per level.
                   A        B        C        D        E       F      G
               +--------+--------+--------+--------+--------+-----+--------+
         Total |   1841 |   1794 |     47 |     10 |   1140 |   2 |  920.5 |
       Dungeon |   1841 |   1794 |     47 |     10 |   1140 |   2 |  920.5 |
               +--------+--------+--------+--------+--------+-----+--------+

Top non-repeatable levels by time:
     D:1: 1623 daAuts
     D:2: 218 daAuts
